 Dungeon Crawl Stone Soup version 0.20-a0-1122-gb7cbeb9 (webtiles) character file.

97 Alarkh the Insei (level 4, 34/34 HPs)
             Began as a Demonspawn Transmuter on May 13, 2017.
             Was a Follower of Makhleb.
             Got out of the dungeon alive.
             The game lasted 00:02:25 (2473 turns).

Alarkh the Insei (Demonspawn Transmuter)            Turns: 2473, Time: 00:02:25

Health: 34/34      AC:  2    Str: 11    XL:     4   Next: 42%
Magic:  7/7        EV: 13    Int: 15    God:    Makhleb [*.....]
Gold:   88         SH:  0    Dex: 13    Spells: 1/7 levels left

rFire    . . .     SeeInvis .     - Unarmed
rCold    . . .     Gourm    .   (no shield)
rNeg     . . .     Faith    .   b - +0 robe
rPois    .         Spirit   .   (helmet restricted)
rElec    .         Reflect  .   (no cloak)
rCorr    .         Harm     .   (no gloves)
MR       +....                  (no boots)
Stlth    +.........             (no amulet)
Regen    0.2/turn               e - ring of protection from magic
MPRegen  0.1/turn               (no ring)

@: no status effects
A: antennae 1, powered by death 1
a: Renounce Religion


You escaped.
You worshipped Makhleb.
Makhleb was aware of your devotion.
You were not hungry.

You visited 1 branch of the dungeon, and saw 2 of its levels.

You collected 88 gold pieces.

Inventory:

Missiles
 a - 12 arrows
Armour
 b - a +0 robe (worn)
Jewellery
 e - a ring of protection from magic (left hand)
 l - an uncursed ring of stealth {unknown}
Scrolls
 i - 3 scrolls of teleportation {unknown}
 j - a scroll of remove curse {unknown}
 k - a scroll of amnesia {unknown}
Potions
 h - a potion of curing
 n - 2 potions of mutation {unknown}
 o - a potion of magic {unknown}
Books
 c - a book of Changes

   Spells                             Type                      Level
   a - Beastly Appendage              Transmutation                1
   b - Sticks to Snakes               Transmutation                2
   c - Spider Form                    Transmutation/Poison         3
   d - Ice Form                       Ice/Transmutation            4
   e - Blade Hands                    Transmutation                5
Comestibles
 d - 3 bread rations
 g - 3 fruits
 m - 2 meat rations


   Skills:
 + Level 2.4 Fighting
 + Level 2.4 Dodging
 * Level 3.9 Unarmed Combat
 - Level 2.0 Spellcasting
 - Level 1.7 Transmutations


You had one spell level left.
You knew the following spells:

 Your Spells              Type           Power        Failure   Level  Hunger
a - Beastly Appendage     Tmut           #.....       11%         1    #......
b - Sticks to Snakes      Tmut           #.......     16%         2    ###....
c - Spider Form           Tmut/Pois      #.........   43%         3    ###....


Dungeon Overview and Level Annotations

Branches:
Dungeon (2/15)

Altars:
Makhleb


Innate Abilities, Weirdness & Mutations

You have a pair of small antennae on your head.
You regenerate a little health from kills.


Message History

No target in view!
No target in view!
No target in view!
No target in view!
No target in view!
No target in view!
No target in view!
No target in view!
No target in view!
No target in view!
No target in view!
Things that are here:
a short sword; 4 stones; a kobold corpse Done exploring.
Done exploring.
(D) Dungeon
Where to? (Enter - D:1 @ (x,y), ? - help)
There is a staircase leading out of the dungeon here.
Are you sure you want to leave the Dungeon?
This will make you lose the game!
You have escaped!

# #.....# # ##...##
# ##'##
##########..#
...........##
#####.###### #####
#.# ##...## #.#
####.)...# #.#
#⌠.'..@..# #.#
##.#.....# #.#
##.##...##
#####.#####..#######
....#..............#
###.#######.######.#
..#.# ##'## #.#
#.#.# ##...## #.#
....# #.....# #.#


There were no monsters in sight!

Vanquished Creatures
  Terence (D:2)
  Robin (D:2)
  3 dart slugs
  5 leopard geckos
  A giant cockroach (D:1)
  10 goblins
  9 hobgoblins
  3 kobolds (D:1)
  3 bats
  6 frilled lizards
  8 rats
50 creatures vanquished.

Notes
Turn   | Place    | Note
-------+----------+-------------------------------------------
     0 | D:1      | Alarkh the Demonspawn Transmuter began the quest for the Orb.
     0 | D:1      | Reached XP level 1. HP: 15/15 MP: 3/3
   342 | D:1      | Gained mutation: You regenerate a little health from kills. [demonic ancestry]
   342 | D:1      | Reached XP level 2. HP: 15/21 MP: 5/5
   554 | D:1      | Reached skill level 3 in Unarmed Combat
  1122 | D:1      | Reached XP level 3. HP: 24/27 MP: 6/6
  1319 | D:2      | Noticed Terence
  1345 | D:1      | Learned a level 2 spell: Sticks to Snakes
  1349 | D:1      | Learned a level 3 spell: Spider Form
  1358 | D:2      | Killed Terence
  1547 | D:2      | Noticed Robin
  1583 | D:2      | Gained mutation: You have a pair of small antennae on your head. [demonic ancestry]
  1583 | D:2      | Reached XP level 4. HP: 33/34 MP: 2/7
  1597 | D:2      | Killed Robin
  2170 | D:2      | Found a faded altar of an unknown god.
  2331 | D:2      | Became a worshipper of Makhleb the Destroyer
  2331 | D:2      | Reached * piety under Makhleb
  2473 | D:$      | Got out of the dungeon alive.

Vault maps used:
D:1:      noname_arrival_rooms_in_the_neighbourhood
D:2:      chequers_ecumenical_altar_lobes, uniq_terence,
          uniq_crazy_yiuf_cottage, uniq_robin

Skill      XL: |  1  2 |
---------------+-------+-----
Unarmed Combat | 3 |  3.9
Fighting       | 2 |  2.4
Dodging        | 2 |  2.4
Spellcasting   | |  2.0
Transmutations | |  1.7

Action                   |  1- 3 |  4- 6 || total
-------------------------+-------+-------++-------
Melee: Unarmed           |   156 |    50 ||   206
       Punch             |     5 |       ||     5
       Kick              |     1 |       ||     1
 Cast: Beastly Appendage |     2 |       ||     2
       Spider Form       |     2 |       ||     2
  Use: Potion            |     1 |       ||     1
 Stab: Distracted        |     1 |       ||     1
       Sleeping          |     1 |       ||     1
  Eat: Chunk             |     2 |     4 ||     6
Armor: Robe              |    12 |     3 ||    15
       Skin              |     1 |       ||     1
Dodge: Dodged            |    87 |    34 ||   121
